 Dungeon Crawl Stone Soup version 0.29.0-11-gd7f09526c8 (webtiles) character file.

Game seed: 8998914602993538673

104 SnakkuSnakku7 the Trooper (level 4, -4/38 (39) HPs)
             Began as a Barachi Chaos Knight on Sept 6, 2022.
             Was a Plaything of Xom.
             Constricted to death by Maggie (5 damage)
             ... on level 6 of the Dungeon.
             The game lasted 00:04:20 (2219 turns).

SnakkuSnakku7 the Trooper (Barachi Chaos Knight)    Turns: 2219, Time: 00:04:20

HP:   -4/38 (39)    AC:  7    Str: 16    XL:     4   Next: 80%
MP:   5/5           EV:  8    Int: 12    God:    Xom [.*....]
Gold: 218           SH:  0    Dex: 11    Spells: 4/4 levels left

rFire   . . .      SeeInvis .   a - +1 hand axe (chaos)
rCold   . . .      Faith    .   (no shield)
rNeg    . . .      Spirit   .   b - +2 leather armour
rPois   .          Reflect  .   i - +0 helmet
rElec   .          Harm     .   (no cloak)
rCorr   .          Rampage  .   l - +0 pair of gloves
Will    .....                   (no boots)
Stlth   +.........              (no amulet)
HPRegen 0.12/turn               (no ring)
MPRegen 0.09/turn               (no ring)

@: grasped by roots, cleaving, unable to hop, constricted, lightly drained, slow
A: amphibious, slowness 1, strong legs 1, +LOS
a: Hop, Renounce Religion


You were on level 6 of the Dungeon.
You worshipped Xom.
You were a plaything of Xom.
You visited 1 branch of the dungeon, and saw 4 of its levels.

You collected 218 gold pieces.

Inventory:

Hand Weapons
 a - a +1 hand axe of chaos (weapon)
Missiles
 n - 2 poisoned darts
Armour
 b - a +2 leather armour (worn)
 g - a +0 kite shield
 i - a +0 helmet (worn)
 l - a +0 pair of gloves (worn)
Wands
 o - a wand of digging (1)
Scrolls
 h - a scroll of immolation
 j - 3 scrolls of identify
Potions
 d - 4 potions of curing
 k - a potion of heal wounds
Miscellaneous
 c - a piece from Xom's chessboard (14/15) (quivered)


   Skills:
 + Level 5.2 Fighting
 + Level 4.6 Axes
 - Level 2.4 Armour
 - Level 1.1 Dodging
 - Level 0.7 Spellcasting


You had 4 spell levels left.
You didn't know any spells.
Your spell library was empty.

Dungeon Overview and Level Annotations

Branches:
Dungeon (3/15)

Altars:
Ashenzari
Cheibriados
Gozag
Kikubaaqudgha
Ru

Shops:
D:1 [

Annotations:
D:6 Maggie


Innate Abilities, Weirdness & Mutations

You are amphibious.
You cover ground slowly.
You can hop short distances.
You have an extended range of vision and can be seen from far away.


Message History

As you read the scroll labelled BADDOQ LISTATT, it crumbles to dust.
You assume a fearsome visage.
The gnoll sergeant looks frightened!
The gnoll looks frightened! x2; The iguana looks frightened! x2
The necrophage is unaffected.
It was a scroll of fear.
The necrophage hits you but does no damage.
Unknown command.
The necrophage attacks as you move away!
The necrophage barely misses you.
Cornered, the iguana turns to fight! x2
As you read the scroll labelled XETUCR MIEFIT, it crumbles to dust.
It is a scroll of enchant weapon.
Your +0 hand axe of chaos glows red for a moment.
The necrophage hits you.
The necrophage attacks as you move away!
The necrophage hits you. x2
* * * LOW HITPOINT WARNING * * *
You feel drained.
The necrophage attacks as you move away!
The necrophage completely misses you.
Found a stone staircase leading down.
Blink to where?
Press: ? - help, Dir - move target Maggie and an orc come into view.
Maggie is wielding a +1 glaive of flaming and carrying a wand of roots (7).
Found a club.
As you read the scroll labelled TANNAQ PELIKHLI, it crumbles to dust.
It was a scroll of blinking.
Maggie shouts!
The orc shouts!
Maggie zaps a wand.
The roots erupt in riotous growth!
The grasping roots grab you! The grasping roots constrict you.
* * * LOW HITPOINT WARNING * * *
There is a stone staircase leading down here.
The roots grasp on you weakens, but your attempt to escape fails.
The grasping roots constrict you.
* * * LOW HITPOINT WARNING * * *
Unknown command.
The roots grasp on you weakens, but your attempt to escape fails.
The grasping roots constrict you.
You die...
Xom snickers!

..## ..# #.#
#g############
#g$g....l..l.#
###g##########l###
..g.# #.n.#
.g..#.# #.######.#
................@#
....#.^...######.#
###.##.### #@# #.#
$# #.# #.# # #o#
... #.# .. #.# ..
#.# #.#


You could see Maggie, a necrophage (inner flame), 2 iguanas and an orc.

Vanquished Creatures
  Robin (D:2)
  2 adders
  2 dart slugs
  An orc (D:2)
  6 endoplasms
  3 giant cockroaches
  9 goblins
  8 hobgoblins
  8 kobolds
  3 quokkas
  4 ball pythons
  3 bats
  3 frilled lizards
  14 rats
67 creatures vanquished.

Vanquished Creatures (others)
  A fungus (D:3)
  3 toadstools (D:3)
4 creatures vanquished.

Grand Total: 71 creatures vanquished

Notes
Turn   | Place    | Note
-------+----------+-------------------------------------------
     0 | D:1      | SnakkuSnakku7 the Barachi Chaos Knight began the quest for
                  | the Orb.
     0 | D:1      | Reached XP level 1. HP: 18/18 MP: 1/1
    84 | D:1      | Reached XP level 2. HP: 11/25 MP: 2/2
   290 | D:1      | Reached skill level 4 in Fighting
   347 | D:1      | XOM: divination: detect items
   361 | D:1      | XOM: smoke on damage
   532 | D:1      | XOM: silly message
   596 | D:1      | Reached XP level 3. HP: 30/30 MP: 4/4
   597 | D:1      | Found Omenyuffe's Antique Armour Shoppe.
   855 | D:2      | Noticed Robin
   880 | D:2      | Killed Robin
   881 | D:2      | Reached XP level 4. HP: 14/38 MP: 5/5
   884 | D:2      | XOM: polymorph hobgoblin -> orc
  1420 | D:2      | Reached skill level 5 in Fighting
  1665 | D:3      | XOM: enchant monster (bad)
  1719 | D:3      | Found a broken altar of Ashenzari.
  1719 | D:3      | XOM: 7-stop teleportation journey
  2020 | D:3      | Found a sacrificial altar of Ru.
  2023 | D:3      | Found a snail-covered altar of Cheibriados.
  2028 | D:3      | Found an ancient bone altar of Kikubaaqudgha.
  2161 | D:3      | You fall into a shaft and drop 3 floors!
  2165 | D:6      | Found an opulent altar of Gozag.
  2188 | D:6      | Noticed a gnoll sergeant
  2197 | D:6      | Noticed a necrophage
  2200 | D:6      | XOM: cleaving
  2216 | D:6      | Noticed Maggie
  2218 | D:6      | HP: 1/38 [constriction (5)]
  2219 | D:6      | Constricted to death by Maggie

Illustrated notes

Levels and vault maps discovered:
D:1:      dpeg_arrival_ratfight, layout_rooms, serial_shops, shop,
          glass_columns_a
D:2:      layout_basic, uniq_robin
D:3:      layout_loops_ring, amcnicky_altar_gilded,
          grunt_temple_overflow_diamond, minmay_gold_behind_fungi
D:6:      layout_basic, pdpol_temple_overflow_zin_treasury_gozag_greed,
          lemuel_crystal_altar, grunt_ministairs_4, st_stairs_12, uniq_duvessa,
          uniq_maggie

Skill      XL: |  1  2  3  4 |
---------------+-------------+-----
Fighting       | 4 5 |  5.2
Axes           | 4 |  4.6
Armour         | |  2.4
Dodging        | |  1.1
Spellcasting   | |  0.7

Action                   |  1- 3 |  4- 6 || total
-------------------------+-------+-------++-------
Melee: Hand axe          |   115 |    77 ||   192
       Punch             |     1 |     2 ||     3
 Abil: Hop               |       |     2 ||     2
Evoke: Piece from Xom's  |       |     1 ||     1
  Use: Scroll            |       |     5 ||     5
       Potion            |       |     1 ||     1
Armor: Leather armour    |    48 |    45 ||    93
Dodge: Dodged            |    58 |    47 ||   105
